 Dungeon Crawl Stone Soup version 0.23-a0-767-gdc19b93 (webtiles) character file.

71 nono the Skirmisher (level 4, -3/40 HPs)
             Began as a Ghoul Fighter on Jan 19, 2019.
             Was an Initiate of Wu Jian.
             Slain by Sigmund
             ... wielding a +0 scythe
              (11 damage)
             ... on level 2 of the Dungeon.
             The game lasted 00:02:47 (1537 turns).

nono the Skirmisher (Ghoul Fighter)                 Turns: 1537, Time: 00:02:48

Health: -3/40      AC:  8    Str: 24    XL:     4   Next: 24%
Magic:  3/3        EV:  7    Int:  4    God:    Wu Jian [......]
Gold:   93         SH:  9    Dex:  8    Spells: 3/3 levels left

rFire    . . .     SeeInvis .     - Unarmed
rCold    + . .     Gourm    .   b - +0 shield
rNeg     + + +     Faith    .   a - +0 scale mail
rPois    ∞         Spirit   .   (no helmet)
rElec    .         Reflect  .   (no cloak)
rCorr    .         Harm     .   (no gloves)
MR       .....                  j - +0 pair of boots
Stlth    ..........             (no amulet)
HPRegen  0.00/turn              (no ring)
MPRegen  0.08/turn              (no ring)

@: mighty, rotting
A: rotting body, claws 1, carnivore, cold resistance 1, negative energy
resistance 3, inhibited regeneration, torment resistance, unbreathing
a: Renounce Religion


You were on level 2 of the Dungeon.
You worshipped Wu Jian.
Wu Jian was noncommittal.
You were not hungry.

You visited 1 branch of the dungeon, and saw 2 of its levels.

You collected 93 gold pieces.

Inventory:

Armour
 a - a +0 scale mail (worn)
 b - a +0 shield (worn)
 j - a +0 pair of boots (worn)
Scrolls
 g - 2 scrolls of magic mapping {unknown}
 h - 2 scrolls of remove curse {unknown}
 i - a scroll of amnesia {unknown}
 k - a scroll of blinking {unknown}
 m - a scroll of fear {unknown}
Potions
 e - 4 potions of curing {unknown}
 l - a potion of degeneration {unknown}
Comestibles
 d - 3 rations
 f - 2 chunks of flesh


   Skills:
 + Level 4.0 Fighting
 + Level 3.2 Armour
 + Level 3.2 Shields
 + Level 3.0 Unarmed Combat


You had 3 spell levels left.
You didn't know any spells.
Your spell library was empty.

Dungeon Overview and Level Annotations

Branches:
Dungeon (2/15)

Altars:
Elyvilon
Fedhas
Gozag
Hepliaklqana
Kikubaaqudgha
Makhleb
Sif Muna
Trog
Wu Jian
The Shining One

Annotations:
D:2 Sigmund


Innate Abilities, Weirdness & Mutations

Your body is rotting away.
You thrive on raw meat.
You are immune to poison.
You have sharp fingernails.
You are carnivorous and can eat meat at any time.
Your flesh is cold resistant. (rC+)
You are immune to negative energy. (rN+++)
You do not regenerate when monsters are visible.
You are immune to unholy pain and torment.
You can survive without breathing.


Message History

Something hits you but does no damage.
You claw the adder!
The adder is severely wounded.
You block the adder's attack. The adder closely misses you.
You closely miss the adder.
The adder is severely wounded.
Something hits you! The adder bites you. The worm barely misses you.
You claw the adder!
You kill the adder!
The Council accepts your kill.
Your Fighting skill increases to level 4!
Something hits you but does no damage.
You see here an adder corpse.
You miss something. Something hits you.
* * * LOW HITPOINT WARNING * * *
You block the worm's attack.
You closely miss something. Something hits you but does no damage.
You closely miss something. The worm bites you but does no damage.
You claw something! Something hits you!
You die...

###################
#..................
##.#######.########
#.# ####.#
#.####....##
#.##..._...#
#...._..._.##
#w#.........#
#@#._..8.._.#
#{#.........#
#.##._..._.##
#......_...#
######...######
#..#.....#
##.#.....#
#w#.....# #.#.....#


You could see a worm.

Vanquished Creatures
  An adder (D:2)
  A worm (D:2)
  5 dart slugs
  4 bats
  A giant cockroach (D:1)
  8 goblins
  4 hobgoblins
  3 jackals (D:1)
  12 kobolds
  A quokka (D:2)
  A frilled lizard (D:2)
  3 rats
44 creatures vanquished.

Notes
Turn   | Place    | Note
-------+----------+-------------------------------------------
     0 | D:1      | nono the Ghoul Fighter began the quest for the Orb.
     0 | D:1      | Reached XP level 1. HP: 19/19 MP: 0/0
    53 | D:1      | Reached XP level 2. HP: 26/26 MP: 1/1
   204 | D:1      | Reached XP level 3. HP: 28/31 MP: 2/2
   829 | D:2      | Found a blossoming altar of Fedhas.
   829 | D:2      | Found an opulent altar of Gozag.
   829 | D:2      | Found an ornate altar of the Wu Jian Council.
   829 | D:2      | Found a glowing golden altar of the Shining One.
   829 | D:2      | Found a bloodstained altar of Trog.
   829 | D:2      | Found a deep blue altar of Sif Muna.
   829 | D:2      | Found a burning altar of Makhleb.
   829 | D:2      | Found a hazy altar of Hepliaklqana.
   843 | D:2      | Became a worshipper of the Wu Jian Council
   906 | D:2      | Found an ancient bone altar of Kikubaaqudgha.
  1128 | D:2      | Reached XP level 4. HP: 40/40 MP: 3/3
  1502 | D:2      | Found a white marble altar of Elyvilon.
  1502 | D:2      | Noticed Sigmund
  1532 | D:2      | Reached skill level 4 in Fighting
  1537 | D:2      | Slain by Sigmund

Vault maps used:
D:1:      tarquinn_simple_flora_water_d, minmay_misc_feat_cross,
          minmay_tiny_reverse_x
D:2:      lemuel_crystal_altar, elyvilon_altar_5, grunt_temple_overflow_open,
          uniq_sigmund

Skill      XL: |  1  2  3  4 |
---------------+-------------+-----
Armour         | 3 |  3.2
Shields        | 3 |  3.2
Unarmed Combat | 3 |  3.0
Fighting       | 4 |  4.0

Action                   |  1- 3 |  4- 6 || total
-------------------------+-------+-------++-------
Melee: Unarmed           |   121 |    37 ||   158
Invok: Lunge             |     4 |     1 ||     5
  Use: Potion            |       |     1 ||     1
  Eat: Chunk             |    10 |     4 ||    14
Armor: Scale mail        |    49 |    17 ||    66
Dodge: Dodged            |    29 |     6 ||    35
Block: Shield            |    42 |    21 ||    63

Table legend:
 A = Non-vault XP
 B = Vault XP
 C = Vault XP percentage of total XP
 D = Non-vault monster count
 E = Vault monster count
 F = Vault count percentage of total count
                 A         B        C        D         E       F
            +---------+---------+-------+---------+---------+-------
      Total |      99 |       3 |   2.9 |      42 |       2 |   4.5
            +---------+---------+-------+---------+---------+-------
        D:1 |      58 |       3 |   4.9 |      28 |       2 |   6.7
        D:2 |      41 |       0 |   0.0 |      14 |       0 |   0.0
            +---------+---------+-------+---------+---------+-------
